 Dungeon Crawl Stone Soup version 0.17-a0-1691-g18a3847 (console) character file.

36 Monkaria the Ducker (level 3, -2/17 HPs)
             Began as a Felid Chaos Knight on Aug 20, 2015.
             Slain by a hobgoblin
             ... wielding a +0 club
              (4 damage)
             ... on level 2 of the Dungeon.
             The game lasted 00:01:30 (1506 turns).

Monkaria the Ducker (Felid Chaos Knight)            Turns: 1506, Time: 00:01:30

Health: -2/17      AC:  1    Str:  9    XL:     3   Next: 19%
Magic:  4/4        EV: 20    Int: 13    God:    Xom [......]
Gold:   57         SH:  0    Dex: 15    Spells: 0 memorised, 2 levels left
                                        Lives:  0   Deaths: 0

rFire  . . .     SeeInvis +       - Unarmed
rCold  . . .     Clarity  .     (armour unavailable)
rNeg   . . .     SustAt   .     (shield unavailable)
rPois  .         Gourm    .     (helmet unavailable)
rElec  .         Spirit   .     (cloak unavailable)
rCorr  .         Warding  .     (gloves unavailable)
rMut   .         Rnd*Tele +     (boots unavailable)
MR     .....                    (no amulet)
Stlth  ++........               (no ring)
                                j - ring of teleportation (curse)

@: quick, not resistant to hostile enchantments, unstealthy
A: no armour, no weapons or thrown items, claws 1, fangs 3, see invisible,
carnivore 3, speed 1, shaggy fur 1, slow metabolism 1, sharp paws
a: Renounce Religion, Evoke Teleportation


You were on level 2 of the Dungeon.
You worshipped Xom.
You were a very special plaything of Xom.
You were completely stuffed.

You visited 1 branch of the dungeon, and saw 3 of its levels.

You collected 57 gold pieces.

Inventory:

Jewellery
 j - a cursed ring of teleportation (left paw)
Scrolls
 d - 3 scrolls of identify {unknown}
 h - a scroll of blinking {unknown}
 i - a scroll of random uselessness {unknown}
Potions
 b - 2 potions of agility {unknown}
 c - a potion of haste {unknown}
 e - a potion of mutation {unknown}
 g - a potion of curing {unknown}
Comestibles
 a - a meat ration
 f - 2 chunks of flesh


   Skills:
 - Level 3.0 Fighting
 + Level 5.2 Dodging
 - Level 3.0 Unarmed Combat


You had 2 spell levels left.
You didn't know any spells.

Dungeon Overview and Level Annotations

Branches:
Dungeon (3/15)

Altars:
Elyvilon


Innate Abilities, Weirdness & Mutations

You cannot wear armour.
You are incapable of wielding weapons or throwing items.
You have sharp claws.
You have razor-sharp teeth.
You have supernaturally acute eyesight.
You are carnivorous and can eat meat at any time.
You cover ground quickly.
You are covered in fur (AC +1).
You have a slow metabolism.
Your sharp claws are effective at attacking unaware monsters.


Message History

You are too injured to fight recklessly!
You are too injured to fight recklessly!
You are too injured to fight recklessly!
A worm is nearby!
Found a stone staircase leading down.
Found 4 fruits.
You see here a scroll labeled BURGHER NEL MIA.
d - 3 scrolls labeled BURGHER NEL MIA (gained 1)
Found a fuming yellow potion.
A hobgoblin comes into view. It is wielding a club.
The hobgoblin shouts!
There is a stone staircase leading down here.
You climb downwards. 2 orcs and an orc priest come into view.
The orc shouts!
The orc priest shouts!
There is a stone staircase leading up here.
The orc shouts!
You hear a shout!
The orc moves out of view.
You climb upwards.
The hobgoblin hits you with a club.
You die...

#############
#######@g...!......
#.......###########
#.......#####...
...........%....
.......w........
...............#
#.......#####..#
#########.#### .
.............#


You could see a worm and a hobgoblin.

Vanquished Creatures
  2 giant geckos (D:1)
  A ball python (D:2)
  5 bats (D:1)
  5 hobgoblins
  4 jackals (D:1)
  A giant newt (D:2)
  6 goblins
  7 kobolds (D:1)
31 creatures vanquished.

Notes
Turn   | Place    | Note
--------------------------------------------------------------
     0 | D:1      | Monkaria the Felid Chaos Knight began the quest for the Orb.
     0 | D:1      | Reached XP level 1. HP: 10/10 MP: 2/2
    18 | D:1      | XOM: potion effect (berserk rage)
    22 | D:1      | XOM: divination: detect creatures
    28 | D:1      | XOM: potion effect (haste)
   100 | D:1      | Reached skill level 4 in Dodging
   125 | D:1      | Reached XP level 2. HP: 14/14 MP: 3/3
   302 | D:1      | XOM: mild Chrm miscast
   645 | D:1      | XOM: 5-stop teleportation journey
   850 | D:1      | XOM: butterfly on damage
   995 | D:1      | Reached skill level 5 in Dodging
   995 | D:1      | Reached XP level 3. HP: 13/17 MP: 4/4
  1110 | D:1      | XOM: colour smoke trail
  1180 | D:1      | XOM is BORED!
  1180 | D:1      | XOM: mild Conj miscast
  1206 | D:1      | XOM: silly message
  1440 | D:2      | Found a white marble altar of Elyvilon.
  1506 | D:2      | Slain by a hobgoblin

Vault maps used:
D:1:      lightli_iron_boxes
D:2:      grunt_temple_overflow_opulence, elyvilon_altar_3
D:3:      grunt_temple_overflow_order_and_chaos_2, ecumenical_altar_2

Action                   || total
-------------------------++-------
Melee: Unarmed           ||    87
 Stab: Sleeping          ||     2
  Eat: Chunk             ||     9
